 Dungeon Crawl Stone Soup version 0.30-a0-358-g0d69a1922f (webtiles) character file.

Game seed: 11889474554197156460

17702 nfeknkrwl the Protected (level 12, -5/113 HPs)
             Began as a Minotaur Fighter on Nov 10, 2022.
             Was the Champion of Okawaru.
             Slain by a 12-headed hydra (9 damage)
             ... on level 13 of the Dungeon.
             The game lasted 00:22:20 (13144 turns).

nfeknkrwl the Protected (Minotaur Fighter)         Turns: 13144, Time: 00:22:20

Health: -5/113     AC: 14    Str: 26    XL:     12   Next: 21%
Magic:  0/12       EV: 10    Int:  5    God:    Okawaru [******]
Gold:   751        SH:  6    Dex: 10    Spells: 11/11 levels left

rFire   . . .      SeeInvis +    B - +5 broad axe (venom)
rCold   . . .      Faith    .    c - +0 buckler
rNeg    . . .      Spirit   +    b - +1 scale mail
rPois   .          Reflect  .    (helmet restricted)
rElec   .          Harm     .    (no cloak)
rCorr   .          Rampage  .    (no gloves)
Will    .....                    (no boots)
Stlth   ..........               r - amulet of guardian spirit
HPRegen 1.18/turn                t - +4 ring of protection
MPRegen 0.13/turn                u - ring of see invisible

@: no status effects
A: horns 2, retaliatory headbutt, mutation resistance 1, regeneration 1
a: Renounce Religion, Heroism, Finesse, Duel


You were on level 13 of the Dungeon.
You worshipped Okawaru.
Okawaru was exalted by your worship.
You visited 2 branches of the dungeon, and saw 14 of its levels.
You also visited: Sewer and Ossuary.

You collected 986 gold pieces.
You spent 235 gold pieces at shops.

Inventory:

Hand Weapons
 a - a +1 vampiric war axe
 B - a +5 broad axe of venom (weapon)
Missiles
 n - 5 atropa-tipped darts (quivered)
Armour
 b - a +1 scale mail (worn)
 c - a +0 buckler (worn)
 C - the +0 pair of boots "Qoowacoo" {rF- Str+6 Dex+8}
   (Okawaru gifted it to you on level 9 of the Dungeon)

   Str:       It affects your strength (+6).
   Dex:       It affects your dexterity (+8).
   rF:        It makes you vulnerable to fire.
Jewellery
 p - an amulet of reflection
 r - an amulet of guardian spirit (around neck)
 t - a +4 ring of protection (left hand)
 u - a ring of see invisible (right hand)
 z - a ring of flight
 E - a ring of protection from fire
 F - a ring of willpower
 G - a ring of willpower
Wands
 d - a wand of flame (19)
 f - a wand of light (32)
 h - a wand of polymorph (4)
 x - a wand of digging (4)
 D - a wand of paralysis (5)
Scrolls
 i - a scroll of fog
 s - 6 scrolls of teleportation
 v - a scroll of identify
 w - 3 scrolls of blinking
 y - 2 scrolls of vulnerability
 A - a scroll of magic mapping
 H - a scroll of summoning
 I - 3 scrolls of immolation
Potions
 e - 6 potions of haste
 g - 5 potions of brilliance
 j - 3 potions of lignification
 k - 5 potions of flight
 l - 3 potions of might
 m - 4 potions of heal wounds
 o - 3 potions of magic
 q - 5 potions of curing
 J - 2 potions of attraction
 K - a potion of ambrosia {unknown}


   Skills:
 + Level 12.4 Fighting
 + Level 12.3 Axes
 + Level 12.5 Armour
 + Level 12.4 Shields
 + Level 2.0 Invocations
 + Level 1.7 Evocations


You had 11 spell levels left.
You didn't know any spells.
Your spell library contained the following spells:

 Spells                   Type           Power      Damage    Failure   Level
 Apportation              Tloc           0%         N/A       75%         1
 Necrotise                Necr           0%         1d4       75%         1
 Blink                    Tloc           0%         N/A       87%         2
 Momentum Strike          Conj/Tloc      0%         3d8       87%         2
 Sublimation of Blood     Necr           0%         N/A       87%         2
 Wereblood                Tmut           0%         N/A       87%         2
 Lesser Beckoning         Tloc           0%         N/A       98%         3
 Vampiric Draining        Necr           0%         2d6       98%         3
 Vhi's Electric Charge    Tloc/Air       0%         N/A       98%         3
 Petrify                  Tmut/Erth      0%         N/A       100%        4
 Agony                    Necr           0%         N/A       100%        5
 Arcjolt                  Conj/Air       0%         1d10      100%        5
 Blade Hands              Tmut           0%         N/A       100%        5
 Irradiate                Conj/Tmut      0%         3d11      100%        5
 Dragon Form              Tmut           0%         N/A       100%        7
 Maxwell's Capacitive Co  Air            0%         ∞         100%        8
 Summon Small Mammal      Summ           Unusable   N/A       N/A         1
 Call Canine Familiar     Summ           Unusable   N/A       N/A         3
 Summon Guardian Golem    Hex/Summ       Unusable   N/A       N/A         3
 Summon Hydra             Summ           Unusable   N/A       N/A         7

Dungeon Overview and Level Annotations

Branches:
Dungeon (13/15)            Temple (1/1) D:4            Lair (0/5) D:8
    Orc (0/2) D:9           Sewer (visited)         Ossuary (visited)
 Vaults: D:13-14

Altars:
Ashenzari
Cheibriados
Dithmenos
Elyvilon
Fedhas
Gozag
Hepliaklqana
Kikubaaqudgha
Makhleb
Nemelex Xobeh
Okawaru
Qazlal
Ru
Sif Muna
Trog
Uskayaw
Vehumet
Wu Jian
Xom
Yredelemnul
Zin
The Shining One

Shops:
D:4 :   D:8 (   D:12 *

Annotations:
D:5 6 runed translucent doors, Harunobu's ghost, novice GrMo; NoOffense's ghost, amateur TrBr


Innate Abilities, Weirdness & Mutations

You have a pair of horns on your head.
You reflexively headbutt those who attack you in melee.
You are somewhat resistant to further mutation.
Your natural rate of healing is unusually fast.


Message History

Unknown command.
Unknown command.
You are too injured to fight recklessly!
Unknown command.
You slice one of the ten-headed hydra's heads off!
The nine-headed hydra grows two more!
You hit the 11-headed hydra. You headbutt the 11-headed hydra!
The 11-headed hydra is heavily wounded.
The 11-headed hydra bites you. The 11-headed hydra bites you!
* * * LOW HITPOINT WARNING * * *
You block the 11-headed hydra's attack. The 11-headed hydra closely misses you.
The 11-headed hydra bites you but does no damage.
The 11-headed hydra completely misses you.
The 11-headed hydra bites you.
* * * LOW HITPOINT WARNING * * *
The 11-headed hydra bites you!
* * * LOW HITPOINT WARNING * * *
The 11-headed hydra barely misses you. x2
The 11-headed hydra completely misses you.
You slice one of the 11-headed hydra's heads off!
The ten-headed hydra grows two more!
You slash the 12-headed hydra!
The 12-headed hydra is severely wounded.
The 12-headed hydra bites you but does no damage.
The 12-headed hydra bites you!
* * * LOW HITPOINT WARNING * * *
The 12-headed hydra bites you but does no damage.
The 12-headed hydra barely misses you. x2
The 12-headed hydra bites you but does no damage.
The 12-headed hydra bites you.
* * * LOW HITPOINT WARNING * * *
The 12-headed hydra bites you.
* * * LOW HITPOINT WARNING * * *
The 12-headed hydra bites you but does no damage.
You block the 12-headed hydra's attack.
The 12-headed hydra bites you but does no damage.
The 12-headed hydra bites you.
* * * LOW HITPOINT WARNING * * *
The 12-headed hydra attacks as you move away!
The 12-headed hydra bites you!
You die...

##### #†# ## #...# #.#
..# #.)## #.# #..
#.#.## #.# #.#
####.###.###.#
##.......# # ##
#.<...8.# #
##..######.......######
#....D@......⌠........)
##..######.......######
## #.8...>.# #
##.......## #
####.###.###.####
#.#.## #.# ##.#.# #..##
#.# ##..# #..[# #.#
#...# ##### #.# #####


You could see a 12-headed hydra.

Vanquished Creatures
  3 boulder beetles (D:13)
  A two-headed ogre (D:10)
  An ugly thing (D:13)
  A manticore (D:12)
  A black mamba (shapeshifter) (D:13)
  A cyclops (D:13)
  A gargoyle (D:13)
  An unseen horror (D:11)
  2 komodo dragons (D:11)
  7 trolls
  Grinder (D:3)
  3 hornets
  Prince Ribbit (D:6)
  A slime creature (D:13)
  A shadow (D:12)
  2 wraiths
  14 yaks
  3 wyverns
  5 vampires
  A basilisk (D:12)
  A steam dragon (D:7)
  2 vampire mosquitoes (D:11)
  4 water moccasins
  2 orc warriors
  A sky beast (D:6)
  A black bear (D:6)
  3 ice beasts
  4 ogres
  A wolf (D:8)
  11 centaurs
  2 phantoms
  Blork the orc (D:6)
  3 kobold brigands
  3 bullfrogs
  5 necrophages
  4 gnoll sergeants
  3 scorpions
  A water moccasin zombie (Ossuary)
  19 killer bees
  An electric eel (D:8)
  4 howler monkeys
  A lava snake (D:8)
  4 orc priests
  A centaur zombie (D:5)
  10 hounds
  3 jellies
  3 gnoll boudas
  6 iguanas
  7 orc wizards
  3 mummies
  A howler monkey zombie (D:5)
  19 gnolls
  9 adders
  3 shadow imps
  4 white imps
  2 ufetubi (D:5)
  6 adder zombies (Ossuary)
  2 worms
  4 dart slugs
  19 orcs
  13 bats
  9 endoplasms
  3 giant cockroaches (D:3)
  3 gnoll zombies (Ossuary)
  3 goblins
  7 hobgoblins
  3 jackals (D:3)
  24 kobolds
  5 quokkas
  6 ball pythons
  6 frilled lizards
  5 hobgoblin zombies (Ossuary)
  6 kobold zombies (Ossuary)
  5 orc zombies (Ossuary)
  4 rats
336 creatures vanquished.

Vanquished Creatures (others)
  11 plants (D:4)
11 creatures vanquished.

Grand Total: 347 creatures vanquished

Notes
Turn   | Place    | Note
-------+----------+-------------------------------------------
     0 | D:1      | nfeknkrwl the Minotaur Fighter began the quest for the Orb.
     0 | D:1      | Reached XP level 1. HP: 19/19 MP: 0/0
   177 | D:1      | Reached XP level 2. HP: 22/27 MP: 1/1
   687 | D:2      | Reached XP level 3. HP: 33/33 MP: 2/2
  1085 | D:3      | Found a shadowy altar of Dithmenos.
  1122 | D:3      | Found a glowing drain.
  1139 | Sewer    | Entered a sewer
  1163 | Sewer    | Noticed a water moccasin
  1171 | Sewer    | Killed a water moccasin
  1172 | Sewer    | Reached XP level 4. HP: 32/41 MP: 3/3
  1172 | Sewer    | Reached XP level 5. HP: 37/47 MP: 4/4
  1313 | D:3      | Noticed Grinder
  1323 | D:3      | Paralysed by Grinder for 4 turns
  1332 | D:3      | Paralysed by Grinder for 4 turns
  1342 | D:3      | Killed Grinder
  1343 | D:3      | Reached skill level 5 in Fighting
  1343 | D:3      | Reached skill level 5 in Armour
  1343 | D:3      | Reached skill level 5 in Shields
  1343 | D:3      | Reached XP level 6. HP: 22/56 MP: 5/5
  1587 | D:3      | Found a faded altar of an unknown god.
  2090 | D:4      | Found a hazy altar of Hepliaklqana.
  2161 | D:4      | Reached skill level 5 in Axes
  2268 | D:4      | Reached XP level 7. HP: 58/62 MP: 6/6
  2328 | D:4      | Found a staircase to the Ecumenical Temple.
  2448 | D:4      | Found a sand-covered staircase.
  2456 | Ossuary  | Entered an ossuary
  2788 | D:4      | Found Hill's Vocational Training.
  2832 | Temple   | Entered the Ecumenical Temple
  3130 | D:5      | Entered Level 5 of the Dungeon
  3140 | D:5      | Reached XP level 8. HP: 71/71 MP: 7/7
  3205 | D:5      | Found a runed translucent gate.
  3285 | D:5      | Found an opulent altar of Gozag.
  3583 | D:5      | Found an iron altar of Okawaru.
  3590 | D:5      | Became a worshipper of Warmaster Okawaru
  3622 | D:5      | Found a runed translucent gate.
  3622 | D:5      | Found a runed translucent gate.
  3622 | D:5      | Found a runed translucent gate.
  3622 | D:5      | Noticed NoOffense's ghost (amateur TrBr)
  3624 | D:5      | Found a basalt altar of Yredelemnul.
  3865 | D:5      | Found a runed translucent gate.
  3865 | D:5      | Found a runed translucent gate.
  3867 | D:5      | Found an opulent altar of Gozag.
  3868 | D:5      | Noticed Harunobu's ghost (novice GrMo)
  4326 | D:6      | Noticed Blork the orc
  4337 | D:6      | Killed Blork the orc
  4337 | D:6      | Reached * piety under Okawaru
  4407 | D:6      | Reached XP level 9. HP: 52/81 MP: 8/8
  4795 | D:6      | Noticed a troll
  4848 | D:6      | Killed a troll
  4848 | D:6      | Reached ** piety under Okawaru
  5257 | D:6      | Noticed Prince Ribbit
  5265 | D:6      | Killed Prince Ribbit
  5430 | D:6      | Found a sacrificial altar of Ru.
  6180 | D:6      | Reached *** piety under Okawaru
  6328 | D:6      | Reached XP level 10. HP: 85/91 MP: 9/9
  6512 | D:7      | You fall into a shaft and drop 3 floors!
  6512 | D:10     | Entered Level 10 of the Dungeon
  6603 | D:10     | Noticed a two-headed ogre
  7265 | D:7      | Reached **** piety under Okawaru
  7272 | D:7      | Reached skill level 10 in Fighting
  7272 | D:7      | Reached skill level 10 in Armour
  7277 | D:7      | Reached skill level 10 in Shields
  7913 | D:8      | Found a staircase to the Lair.
  7920 | D:8      | Reached skill level 10 in Axes
  8380 | D:8      | Found an ornate altar of the Wu Jian Council.
  8400 | D:8      | Reached ***** piety under Okawaru
  8550 | D:8      | Found a burning altar of Makhleb.
  8692 | D:8      | Found Byloch's Weapon Boutique.
  8993 | D:8      | Gained mutation: You are dopey. (Int -2) [potion of
                  | mutation]
  8993 | D:8      | Gained mutation: You occasionally lose the ability to read
                  | scrolls when taking damage. [potion of mutation]
  8994 | D:8      | Lost mutation: You occasionally lose the ability to read
                  | scrolls when taking damage. [potion of mutation]
  8994 | D:8      | Lost mutation: You are dopey. (Int -2) [potion of mutation]
  8994 | D:8      | Gained mutation: You are somewhat resistant to further
                  | mutation. [potion of mutation]
  8994 | D:8      | Gained mutation: Your natural rate of healing is unusually
                  | fast. [potion of mutation]
  9240 | D:8      | Bought a +2 broad axe of venom for 235 gold pieces
  9512 | D:9      | Reached XP level 11. HP: 98/101 MP: 7/10
  9674 | D:9      | Found a staircase to the Orcish Mines.
  9882 | D:9      | Identified the +0 pair of boots "Qoowacoo" {rF- Str+6
                  | Dex+8} (Okawaru gifted it to you on level 9 of the Dungeon)
  9882 | D:9      | Received a gift from Okawaru
 10043 | D:9      | Found a sparkling altar of Nemelex Xobeh.
 10152 | D:10     | Killed a two-headed ogre
 10273 | D:10     | Found a hide-covered altar of Uskayaw.
 11556 | D:11     | Paralysed by a hornet for 2 turns
 11591 | D:11     | Found a hazy altar of Hepliaklqana.
 12014 | D:12     | Found Qouluyfoo's Blood Bar.
 12981 | D:13     | Noticed a boulder beetle
 12981 | D:13     | Noticed a boulder beetle
 12986 | D:13     | Noticed a boulder beetle
 12993 | D:13     | Killed a boulder beetle
 12994 | D:13     | Reached skill level 1 in Invocations
 12994 | D:13     | Reached XP level 12. HP: 83/112 MP: 7/11
 12995 | D:13     | Killed a boulder beetle
 12996 | D:13     | Reached skill level 1 in Evocations
 13000 | D:13     | Killed a boulder beetle
 13059 | D:13     | Identified the +11 hand crossbow of Nophiah {penet, +Blink
                  | Fly rPois rF++ Str-5} (Okawaru gifted it to you on level 13
                  | of the Dungeon)
 13059 | D:13     | Received a gift from Okawaru
 13059 | D:13     | Reached ****** piety under Okawaru
 13134 | D:13     | Noticed an eight-headed hydra
 13142 | D:13     | HP: 5/113 [12-headed hydra (1)]
 13144 | D:13     | Slain by a 12-headed hydra

Illustrated notes

Levels and vault maps discovered:
D:1:      saegor_arrival_simple_d, layout_rooms
D:2:      layout_loops_ring
D:3:      layout_basic, mainiacjoe_overflow_paths, portal_sewer_entry_f,
          basic_ecumenical_altar, minmay_circle_x, uniq_grinder
D:4:      layout_loops_cross, mainiacjoe_overflow_cross_hatched,
          minmay_temple_entry_trees, gup_ossuary_entry_pyramid,
          nicolae_shop_vocational
D:5:      layout_basic, nicolae_yredelemnul_ghost_church,
          general_overflow_altar, nicolae_gozag_cash_rules_everything_around_me,
          ebering_ghost_gozag, chequers_serial_rivers_micro_d,
          dk_noncrumbling_4, nrook_mini_vaults
D:6:      kennysheep_windowed_halls, layout_basic, mainiacjoe_overflow_alcove_2,
          uniq_blork_the_orc, uniq_prince_ribbit1
D:7:      layout_basic
D:8:      layout_gridville, mainiacjoe_overflow_small_starburst, bloody_makhleb,
          erik_lair_island, serial_shops, nicolae_inconvenience_store
D:9:      layout_small_grid, nemelex_diamond_rough_becter, orc_0_dummy,
          minmay_fractal_squares_diagonal_5
D:10:     layout_layer_cave, old_standard_altar
D:11:     layout_irregular_city, nicolae_hepliaklqana_hippocampus
D:12:     layout_stronghold, guppyfry_shop_blood
D:13:     minmay_inside_and_out, layout_loops_cross, erik_vaults_1,
          serial_shops, nicolae_stop_n_shop_1, nicolae_square_shop,
          nicolae_shop_competitors_out_of_business
Temple:   nicolae_temple_hex_pool

Skill      XL: |  1  2  3  4  5  6  7  8  9 10 11 12 |
---------------+-------------------------------------+-----
Fighting       | 4 5 6 7 9 10 12 | 12.4
Armour         | 4 5 6 7 9 10 12 | 12.5
Shields        | 4 5 6 7 9 10 12 | 12.4
Axes           | 3 4 5 6 7 9 10 12 | 12.3
Invocations    | 1 2 |  2.0
Evocations     | 1 |  1.7

Action                   |  1- 3 |  4- 6 |  7- 9 | 10-12 || total
-------------------------+-------+-------+-------+-------++-------
Melee: War axe           |    80 |    57 |   321 |   195 ||   653
       Headbutt          |    10 |     7 |    64 |    76 ||   157
       Broad axe         |       |       |       |   219 ||   219
Evoke: Wand              |       |       |     4 |       ||     4
  Use: Scroll            |     5 |     3 |    10 |    10 ||    28
       Potion            |     1 |     2 |     4 |     6 ||    13
 Stab: Invisible         |       |       |       |     2 ||     2
Armor: Scale mail        |    47 |    19 |   169 |   242 ||   477
Dodge: Dodged            |    43 |    11 |   127 |   245 ||   426
Block: Buckler           |    20 |    11 |    97 |   150 ||   278

Table legend: (Time is in decaauts)
 A = Elapsed time spent in this place.
 B = Non-inter-level travel time spent in this place.
 C = Inter-level travel time spent in this place.
 D = Time resting spent in this place.
 E = Time spent auto-exploring this place.
 F = Levels seen in this place.
 G = Mean time per level.
                   A        B        C        D        E       F      G
               +--------+--------+--------+--------+--------+-----+--------+
         Total |  13290 |  12859 |    431 |    353 |  10052 |  16 |  830.6 |
       Dungeon |  12847 |  12423 |    424 |    353 |   9818 |  13 |  988.2 |
        Temple |     89 |     83 |      6 |      0 |     54 |   1 |   89.0 |
         Sewer |    115 |    115 |      0 |      0 |     68 |   1 |  115.0 |
       Ossuary |    237 |    237 |      0 |      0 |    112 |   1 |  237.0 |
               +--------+--------+--------+--------+--------+-----+--------+

Top non-repeatable levels by time:
     D:6: 2269 daAuts
     D:7: 1529 daAuts
     D:8: 1341 daAuts
    D:10: 1128 daAuts
     D:5: 1126 daAuts
     D:3: 935 daAuts
    D:12: 917 daAuts
    D:11: 833 daAuts
     D:4: 743 daAuts
     D:9: 692 daAuts
     D:2: 620 daAuts
     D:1: 447 daAuts
    D:13: 260 daAuts
 Ossuary: 237 daAuts
   Sewer: 115 daAuts
